 Dungeon Crawl Stone Soup version 0.21.1-1-g345015f (webtiles) character file.

238 zishaf the Covert (level 6, 0/39 HPs)
             Began as an Octopode Assassin on May 7, 2018.
             Slain by Scar's ghost (7 damage)
             ... on level 3 of the Dungeon.
             The game lasted 00:08:33 (1909 turns).

zishaf the Covert (Octopode Assassin)               Turns: 1909, Time: 00:08:34

Health: 0/39       AC:  1    Str: 11    XL:     6   Next: 7%
Magic:  6/6        EV: 13    Int: 13    God:
Gold:   57         SH:  0    Dex: 15    Spells: 5/5 levels left

rFire    . . .     SeeInvis .   b - +0 blowgun
rCold    . . .     Gourm    .   (no shield)
rNeg     . . .     Faith    .   (helmet restricted)
rPois    .         Spirit   .   (no amulet)
rElec    .         Reflect  .   (no ring)
rCorr    .         Harm     .   (no ring)
MR       .....                  (no ring)
Stlth    +++++.....             (no ring)
HPRegen  0.13/turn              (no ring)
MPRegen  0.10/turn              (no ring)
                                (no ring)
                                (no ring)

@: no status effects
A: almost no armour, stealthy swim, amphibious, 8 rings, constrict 8, camouflage
1, gelatinous body 1
a: no special abilities


You were on level 3 of the Dungeon.
You were not hungry.

You visited 1 branch of the dungeon, and saw 3 of its levels.

You collected 57 gold pieces.

Inventory:

Hand Weapons
 a - a +2 dagger
 b - a +0 blowgun (weapon)
Missiles
 c - 36 poisoned needles (quivered)
 d - 2 curare-tipped needles
Scrolls
 e - 3 scrolls of teleportation {unknown}
 i - 4 scrolls of remove curse {unknown}
 j - 2 scrolls of identify {unknown}
 k - a scroll of noise {unknown}
 l - a scroll of fog {unknown}
Potions
 g - a potion of heal wounds {unknown}
 m - a potion of resistance {unknown}
 n - 2 potions of flight {unknown}
 o - a potion of might {unknown}
Comestibles
 f - 4 rations
 h - 8 chunks of flesh


   Skills:
 - Level 2.0 Fighting
 - Level 2.0 Short Blades
 - Level 2.0 Throwing
 - Level 1.0 Dodging
 + Level 9.9 Stealth


You had 5 spell levels left.
You didn't know any spells.

Dungeon Overview and Level Annotations

Branches:
Dungeon (3/15)

Altars:
Uskayaw

Annotations:
D:3 Scar's ghost, amateur DsWn


Innate Abilities, Weirdness & Mutations

You cannot wear most types of armour.
You are very stealthy in the water. (Stealth+)
You are amphibious.
You can wear up to eight rings at the same time.
You can use your tentacles to constrict eight enemies at once.
Your skin changes colour to match your surroundings (Stealth+).
Your rubbery body absorbs attacks. (AC +1, EV +1)


Message History

You shoot a poisoned needle. The poisoned needle hits Scar's ghost.
Scar's ghost is heavily damaged.
Scar's ghost hits you.
* * * LOW HITPOINT WARNING * * *
Firing (i - inventory. (,) - cycle):
c - 37 poisoned needles (quivered)
Press: ? - help, Shift-Dir - straight line, f/p - Scar's ghost
Aim: Scar's ghost (heavily damaged)
You shoot a poisoned needle. The poisoned needle hits Scar's ghost.
Scar's ghost is heavily damaged.
Scar's ghost hits you!
* * * LOW HITPOINT WARNING * * *
Some of the chunks of flesh in your inventory have rotted away.
There is an open door here.
Scar's ghost ripples.
Scar's ghost says, "Are you willing to die fighting?
I was!"
An orc comes into view. It is wielding a hand axe of venom.
The orc moves out of view.
There is an open door here.
Scar's ghost hits you!
You die...

#. #..##.#.....#.#.##.
#...#.#.###.#.####. ###.....#.#
#.#..W..( ##.## #.........#
#....####
#..[$.#####.####..########.....
#.....##.#....>..#....W....#
##'###'##...#.###'#.W.....#.#
..........####.##...g(g...รท#+#
..........'.W@.##............)
..........#....##.............
###....####.#.####.##.........
####.#....#... #.##.........
#.#.#..####.#.##.........
#.#....# #..'......... #....#
####......... #<#### #######...
### #...


You could see Scar's ghost.

Vanquished Creatures
  An ogre (D:1)
  Jessica (D:2)
  An orc wizard (D:3)
  3 adders
  3 oozes (D:1)
  A worm (D:2)
  3 dart slugs
  A leopard gecko (D:3)
  4 orcs (D:3)
  A giant cockroach (D:3)
  6 goblins
  5 hobgoblins
  4 jackals (D:1)
  5 kobolds
  7 bats
  7 frilled lizards
  4 rats
57 creatures vanquished.

Notes
Turn   | Place    | Note
-------+----------+-------------------------------------------
     0 | D:1      | zishaf the Octopode Assassin began the quest for the Orb.
     0 | D:1      | Reached XP level 1. HP: 14/14 MP: 1/1
   160 | D:1      | Reached XP level 2. HP: 14/19 MP: 2/2
   182 | D:1      | Reached skill level 6 in Stealth
   628 | D:1      | Reached XP level 3. HP: 24/24 MP: 3/3
   671 | D:1      | Reached skill level 7 in Stealth
   965 | D:2      | Noticed an ogre
   999 | D:1      | Killed an ogre
   999 | D:1      | Reached skill level 8 in Stealth
   999 | D:1      | Reached XP level 4. HP: 18/29 MP: 4/4
   999 | D:1      | Reached XP level 5. HP: 22/34 MP: 5/5
  1272 | D:2      | Found a hide-covered altar of Uskayaw.
  1364 | D:2      | Reached skill level 9 in Stealth
  1508 | D:2      | Noticed Jessica
  1513 | D:2      | Killed Jessica
  1736 | D:3      | Reached XP level 6. HP: 39/39 MP: 6/6
  1807 | D:3      | Noticed Scar's ghost (amateur DsWn)
  1909 | D:3      | Slain by Scar's ghost

Skill      XL: |  1  2  3  4  5 |
---------------+----------------+-----
Stealth        | 6 8 9 |  9.9
Fighting       | |  2.0
Short Blades   | |  2.0
Throwing       | |  2.0
Dodging        | |  1.0

Action                   |  1- 3 |  4- 6 || total
-------------------------+-------+-------++-------
Melee: Dagger            |    46 |    59 ||   105
       Constrict         |     8 |    13 ||    21
       Tentacles         |     5 |    13 ||    18
 Fire: Blowgun           |     8 |     2 ||    10
 Stab: Sleeping          |    14 |    14 ||    28
  Eat: Chunk             |       |     3 ||     3
Armor: Skin              |     4 |     1 ||     5
Dodge: Dodged            |    28 |    28 ||    56
